 Dungeon Crawl Stone Soup version 0.16.1-11-g651b585 (webtiles) character file.

168 maniek23 the Insei (level 5, -4/26 HPs)
             Began as a Vine Stalker Transmuter on Apr 3, 2015.
             Slain by a gnoll (8 damage)
             ... on level 4 of the Dungeon.
             The game lasted 00:08:43 (2021 turns).

maniek23 the Insei (Vine Stalker Transmuter)        Turns: 2021, Time: 00:08:43

Health: -4/26      AC:  4    Str: 13    XL:     5   Next: 49%
Magic:  0/12       EV: 13    Int: 14    God:
Gold:   245        SH:  0    Dex: 14    Spells: 3 memorised, 3 levels left

rFire  . . .     SeeInvis .       - Unarmed
rCold  . . .     Clarity  .     c - +0 robe
rNeg   . . .     SustAb   .     (no shield)
rPois  .         Gourm    .     p - +2 hat
rElec  .         Spirit   +     (no cloak)
rCorr  .         Warding  .     (no gloves)
rMut   .         Stasis   +     (no boots)
MR     .....                    x - amulet of stasis
Stlth  +.........               (no ring)
                                (no ring)

@: glowing, not resistant to hostile enchantments, very unstealthy
A: fangs 2, regeneration 1, magic shield, antimagic bite, no device heal 3, rot
immunity
a: no special abilities


You were on level 4 of the Dungeon.
You were not hungry.

You visited 1 branch of the dungeon, and saw 4 of its levels.

You collected 245 gold pieces.

Inventory:

Hand weapons
 o - a cursed -2 trident
Missiles
 b - 41 arrows
Armour
 c - a +0 robe (worn)
 p - a +2 hat (worn)
 q - a +1 scale mail of fire resistance
 t - a +0 leather armour
Jewellery
 x - an amulet of stasis (around neck)
Magical devices
 l - a wand of digging (9)
Scrolls
 e - 2 scrolls of remove curse {unknown}
 f - a scroll of random uselessness {unknown}
 i - 5 scrolls of magic mapping {unknown}
 j - a scroll of enchant weapon {unknown}
 k - 2 scrolls of teleportation {unknown}
 m - 2 scrolls of identify {unknown}
 w - a scroll of recharging {unknown}
Potions
 h - a potion of lignification {unknown}
 n - 2 potions of haste {unknown}
 r - a potion of poison {unknown}
 s - a potion of curing {unknown}
Books
 d - a book of Changes

   Spells                             Type                      Level
   a - Beastly Appendage              Transmutation                1
   b - Sticks to Snakes               Transmutation                2
   c - Spider Form                    Transmutation/Poison         3
   d - Ice Form                       Ice/Transmutation            4
   e - Blade Hands                    Transmutation                5
Comestibles
 a - 3 bread rations
 g - a fruit
 u - a beef jerky
 v - 2 meat rations


   Skills:
 + Level 1.6 Fighting
 + Level 2.7 Dodging
 + Level 0.6 Stealth
 + Level 4.1 Unarmed Combat
 + Level 2.9 Spellcasting
 * Level 2.6 Transmutations


You had 3 spell levels left.
You knew the following spells:

 Your Spells              Type           Power        Failure   Level  Hunger
a - Beastly Appendage     Trmt           #.....       10%         1    #......
b - Sticks to Snakes      Trmt           #.........   14%         2    ##.....
c - Spider Form           Trmt/Pois      #.........   38%         3    ###....


Dungeon Overview and Level Annotations

Branches:
Dungeon (4/15)
 Temple: D:4-7

Altars:
Cheibriados
Qazlal


Innate Abilities, Weirdness & Mutations

You have extremely sharp teeth.
Your natural rate of healing is unusually fast.
When hurt, damage is shared between your health and your magic reserves.
Your bite disrupts and absorbs the magic of your enemies.
Potions and wands cannot restore your health.
You are immune to rotting.


Message History

You are outlined in light.
The gnoll hits you from afar with a spear.
The gnoll hits you with a club!
You kill the gnoll!
The gnoll hits you.
* * * LOW HITPOINT WARNING * * *
The gnoll shaman calls upon its god to speed up the gnoll.
The gnoll seems to speed up.
Your transformation has ended.
Your +2 hat unmelds from your body.
Your +0 robe unmelds from your body.
The gnoll hits you.
* * * LOW HITPOINT WARNING * * *
The gnoll hits you.
* * * LOW HITPOINT WARNING * * *
The gnoll closely misses you.
The gnoll shaman calls upon its god to speed up the gnoll.
The gnoll seems to speed up.
The gnoll barely misses you.
There is a stone staircase leading up here.
The gnoll hits you!
You die...

#.........)%.....#
##.........).......
#......r.r.#####..
####.......###
#.###..gg### #.#
#......####
#.###..O.).....#
#..#..g.........
##....@.........
##...##.......
#..###...### ##.#
#..## #.# #..# #.#
#.# ..# .## .


You could see an ogre, a gnoll shaman, 2 gnolls and a quokka.

Vanquished Creatures
  Sigmund (D:2)
  The ghost of asdu the Poker, a weakling DgSk (D:3)
  3 adders
  2 gnolls (D:4)
  A giant mite (D:3)
  A worm (D:3)
  A giant gecko (D:2)
  An orc (D:3)
  A ball python (D:3)
  4 bats
  3 goblins
  6 hobgoblins
  3 kobolds
  An ooze (D:3)
  3 quokkas
  6 giant cockroaches
  2 giant newts (D:1)
  5 rats
45 creatures vanquished.

Notes
Turn   | Place    | Note
--------------------------------------------------------------
     0 | D:1      | maniek23, the Vine Stalker Transmuter, began the quest for the Orb.
     0 | D:1      | Reached XP level 1. HP: 9/9 MP: 3/3
   216 | D:1      | Reached XP level 2. HP: 12/14 MP: 5/5
   327 | D:1      | Reached skill level 1 in Fighting
   453 | D:1      | Learned a level 2 spell: Sticks to Snakes
   481 | D:2      | Noticed Sigmund
   498 | D:2      | Killed Sigmund
   498 | D:2      | Reached XP level 3. HP: 6/18 MP: 5/7
   498 | D:2      | Reached XP level 4. HP: 7/22 MP: 6/9
   801 | D:2      | Found a stormy altar of Qazlal.
  1235 | D:3      | Learned a level 3 spell: Spider Form
  1364 | D:3      | Noticed asdu's ghost (weakling DgSk)
  1383 | D:3      | Killed asdu's ghost
  1383 | D:3      | Reached XP level 5. HP: 20/26 MP: 4/11
  1400 | D:3      | Reached skill level 4 in Unarmed Combat
  1786 | D:3      | Found a snail-covered altar of Cheibriados.
  2004 | D:4      | Noticed an ogre
  2021 | D:4      | Slain by a gnoll

Action                   |  1- 3 |  4- 6 || total
-------------------------+-------+-------++-------
Melee: Unarmed           |    41 |   125 ||   166
 Cast: Sticks to Snakes  |     2 |     2 ||     4
       Beastly Appendage |       |     3 ||     3
       Spider Form       |       |     2 ||     2
 Stab: Sleeping          |       |     2 ||     2
  Eat: Chunk             |       |     4 ||     4
